 Dungeon Crawl Stone Soup version 0.21.1-1-g345015f (webtiles) character file.

15048 protoss039 the Severer (level 11, -7/104 HPs)
             Began as a Minotaur Monk on June 8, 2018.
             Was the Champion of Okawaru.
             Mangled by a death knight
             ... wielding a +0 great sword
              (26 damage)
             ... on level 11 of the Dungeon.
             The game lasted 01:19:11 (12718 turns).

protoss039 the Severer (Minotaur Monk)             Turns: 12718, Time: 01:19:12

Health: -7/104     AC: 14    Str: 18    XL:     11   Next: 96%
Magic:  6/13       EV: 12    Int:  7    God:    Okawaru [******]
Gold:   653        SH: 11    Dex: 14    Spells: 10/10 levels left

rFire    + + +     SeeInvis .   F - +0 war axe (chop)
rCold    + . .     Gourm    .   P - +1 shield {reflect}
rNeg     . . .     Faith    .   r - +2 scale mail {rF+}
rPois    +         Spirit   .   (helmet restricted)
rElec    .         Reflect  +   d - scarf {rC+ rF+}
rCorr    .         Harm     .   A - +0 pair of gloves
MR       .....                  B - +0 pair of boots
Stlth    ++........             (no amulet)
HPRegen  0.27/turn              f - ring of poison resistance
MPRegen  0.13/turn              q - ring of protection from fire

@: heroism, finesse
A: retaliatory headbutt, horns 2
a: Heroism, Finesse, Renounce Religion


You were on level 11 of the Dungeon.
You worshipped Okawaru.
Okawaru was exalted by your worship.
You were not hungry.

You visited 2 branches of the dungeon, and saw 13 of its levels.
You also visited: Ossuary.

You collected 653 gold pieces.

Inventory:

Hand Weapons
 F - a +0 war axe of chopping (weapon)
 N - a +1 hand axe of flaming
Missiles
 n - 3 poisoned tomahawks (quivered)
Armour
 d - a scarf of resistance (worn)
 r - a +2 scale mail of fire resistance (worn)
 A - a +0 pair of gloves (worn)
 B - a +0 pair of boots (worn)
 P - a +1 shield of reflection (worn)
Jewellery
 f - a ring of poison resistance (left hand)
 h - an uncursed ring of see invisible
 q - a ring of protection from fire (right hand)
 t - an uncursed amulet of regeneration
 u - an uncursed amulet of harm {unknown}
 I - an uncursed amulet of regeneration
Wands
 a - a wand of acid (15)
 e - a wand of paralysis (10)
 j - a wand of clouds (7)
Scrolls
 b - 2 scrolls of random uselessness {unknown}
 g - a scroll of fear {unknown}
 k - 3 scrolls of amnesia {unknown}
 l - 5 scrolls of teleportation
 m - a scroll of blinking {unknown}
 y - 3 scrolls of magic mapping {unknown}
 C - a scroll of fog {unknown}
 D - 2 scrolls of immolation {unknown}
 E - 2 scrolls of enchant weapon {unknown}
 G - a scroll of acquirement {unknown}
 K - 2 scrolls of remove curse
 M - 2 scrolls of identify
Potions
 i - a potion of brilliance {unknown}
 o - a potion of mutation {unknown}
 p - 3 potions of flight {unknown}
 s - 3 potions of degeneration {unknown}
 v - a potion of lignification {unknown}
 w - 2 potions of invisibility {unknown}
 z - a potion of magic {unknown}
 H - 2 potions of cancellation {unknown}
 Q - a potion of berserk rage {unknown}
Books
 x - a book of Maledictions

   Spells                             Type                      Level
   a - Corona                         Hexes                        1
   b - Ensorcelled Hibernation        Hexes/Ice                    2
   c - Confuse                        Hexes                        3
   d - Tukima's Dance                 Hexes                        3
   e - Dazzling Spray                 Conjuration/Hexes            3
 J - a book of Callings

   Spells                             Type                      Level
   a - Summon Small Mammal            Summoning                    1
   b - Call Imp                       Summoning                    2
   c - Call Canine Familiar           Summoning                    3
   d - Summon Guardian Golem          Hexes/Summoning              3
   e - Summon Lightning Spire         Summoning/Air                4
   f - Summon Ice Beast               Ice/Summoning                4
 L - a book of Geomancy

   Spells                             Type                      Level
   a - Sandblast                      Earth                        1
   b - Passwall                       Transmutation/Earth          2
   c - Stone Arrow                    Conjuration/Earth            3
   d - Petrify                        Transmutation/Earth          4
   e - Lee's Rapid Deconstruction     Earth                        5
 R - a book of Cantrips

   Spells                             Type                      Level
   a - Confusing Touch                Hexes                        1
   b - Animate Skeleton               Necromancy                   1
   c - Summon Small Mammal            Summoning                    1
   d - Apportation                    Translocation                1
Comestibles
 c - 29 rations
 O - 6 chunks of flesh


   Skills:
 - Level 12.0(17.0) Fighting
 + Level 17.3(22.3) Axes
 - Level 6.4(11.4) Armour
 - Level 3.2(8.2) Dodging
 - Level 1.5(6.5) Stealth
 - Level 4.2 Invocations


You had 10 spell levels left.
You didn't know any spells.

Dungeon Overview and Level Annotations

Branches:
Dungeon (12/15)            Temple (1/1) D:7            Lair (0/6) D:11
    Orc (0/2) D:9

Altars:
Ashenzari
Cheibriados
Dithmenos
Elyvilon
Fedhas
Gozag
Hepliaklqana
Kikubaaqudgha
Makhleb
Nemelex Xobeh
Okawaru
Qazlal
Ru
Sif Muna
Trog
Uskayaw
Vehumet
Wu Jian
Xom
Yredelemnul
Zin
The Shining One

Annotations:
D:7 exclusion: downstairs
D:11 Terandir's ghost, journeyman MiFi


Innate Abilities, Weirdness & Mutations

You reflexively headbutt those who attack you in melee.
You have a pair of horns on your head.


Message History

You barely miss the death knight.
The death knight is moderately wounded.
You block the death knight's attack.
You barely miss the death knight.
You headbutt the death knight, but do no damage.
The death knight is moderately wounded.
Unknown command.
Unknown command.
You slash the death knight!
You headbutt the death knight, but do no damage.
The death knight is heavily wounded.
The death knight reflects your damage back at you!
* * * LOW HITPOINT WARNING * * *
Unknown command.
You hit the death knight. You headbutt the death knight.
The death knight is severely wounded.
The death knight reflects your damage back at you!
* * * LOW HITPOINT WARNING * * *
The death knight hits you with a great sword!!
You die...

######### #.......#
#......># #......<#
#######.......#
#PP:#.##.......#
#≈≈PP#.##.......#
#≈≈≈≈.#.##.....p@#
§§≈≈≈##>##.......#
≈§≈≈# #..........###
§≈§# ###..........#
≈≈## ##.........# .##
#.#.......## ..#####
#.##)##....#
......####.##.###.#.#
≈≈≈≈....##<#..# #...#


You could see a death knight.

Vanquished Creatures
  The ghost of rrRat the Basher, a novice MiBe of Trog (D:10)
  2 two-headed ogres (D:8)
  A tengu warrior (D:11)
  2 cyclopes (D:11)
  The ghost of fly the Cudgeler, a novice HuSk (D:5)
  A komodo dragon (D:10)
  4 trolls
  A hornet (D:8)
  4 slime creatures (D:12)
  The ghost of Tarasboulda the Poker, an amateur MfIE (D:4)
  4 hippogriffs
  A wyvern (D:8)
  10 yaks (D:9)
  A vampire (D:7)
  An acid dragon (D:11)
  A water moccasin (D:11)
  2 hell hounds (D:11)
  A hornet zombie (D:6)
  8 orc warriors
  2 sky beasts
  A necrophage (D:8)
  6 ice beasts
  3 phantoms
  6 ogres
  7 centaurs
  The ghost of tidbits the Sneak, an amateur GnEn (D:3)
  A crocodile (D:10)
  A big kobold (D:11)
  An elf zombie (Ossuary)
  6 bullfrogs
  3 scorpions
  3 howler monkeys
  6 crimson imps
  3 centaur zombies
  4 quasits
  A centaur skeleton (D:11)
  2 bullfrog skeletons (D:10)
  14 orc priests
  3 hounds
  3 jellies
  2 human zombies (Ossuary)
  Natasha (thrice) (D:2)
  3 iguanas
  15 orc wizards
  11 worker ants
  Terence (D:2)
  3 big kobold zombies (Ossuary)
  4 hound zombies
  3 hound skeletons
  3 mummies (Ossuary)
  4 gnolls (D:7)
  12 adders
  A river rat (D:6)
  4 shadow imps
  2 adder skeletons (D:7)
  3 adder zombies
  4 worms
  2 dart slugs (D:1)
  5 leopard geckos
  64 orcs
  3 ball pythons
  4 giant cockroaches
  6 goblins
  11 hobgoblins
  6 jackals
  7 quokkas
  11 bats
  3 frilled lizards
  A giant cockroach zombie (D:5)
  6 goblin zombies
  A hobgoblin zombie (Ossuary)
  5 jackal zombies (Ossuary)
  13 kobolds
  2 kobold zombies (Ossuary)
  A leopard gecko skeleton (D:5)
  2 orc zombies (Ossuary)
  6 quokka zombies
  13 rats
  4 rat zombies (Ossuary)
378 creatures vanquished.

Vanquished Creatures (others)
  A plant (D:11)
1 creature vanquished.

Grand Total: 379 creatures vanquished

Notes
Turn   | Place    | Note
-------+----------+-------------------------------------------
     0 | D:1      | protoss039 the Minotaur Monk began the quest for the Orb.
     0 | D:1      | Reached XP level 1. HP: 19/19 MP: 0/0
   136 | D:1      | Reached XP level 2. HP: 24/27 MP: 1/1
   285 | D:1      | Reached skill level 4 in Axes
   928 | D:2      | Reached XP level 3. HP: 16/34 MP: 2/2
  1082 | D:2      | Found an iron altar of Okawaru.
  1083 | D:2      | Noticed Natasha
  1089 | D:2      | Killed Natasha
  1089 | D:2      | Reached skill level 5 in Fighting
  1110 | D:2      | Noticed Natasha
  1112 | D:2      | Became a worshipper of Warmaster Okawaru
  1112 | D:2      | Reached * piety under Okawaru
  1112 | D:2      | Reached ** piety under Okawaru
  1117 | D:2      | Killed Natasha
  1117 | D:2      | Reached XP level 4. HP: 25/42 MP: 3/3
  1183 | D:2      | Noticed Natasha
  1196 | D:2      | Killed Natasha
  1344 | D:2      | Noticed Terence
  1352 | D:2      | Killed Terence
  1352 | D:2      | Reached skill level 5 in Axes
  1352 | D:2      | Reached XP level 5. HP: 40/50 MP: 4/4
  1667 | D:3      | Noticed tidbits's ghost (amateur GnEn)
  1701 | D:3      | Killed tidbits's ghost
  1746 | D:3      | Reached XP level 6. HP: 14/60 MP: 5/5
  2480 | D:4      | Reached skill level 6 in Axes
  2518 | D:4      | Found a stormy altar of Qazlal.
  2574 | D:4      | Reached XP level 7. HP: 68/68 MP: 6/6
  2717 | D:4      | Noticed Tarasboulda's ghost (amateur MfIE)
  2719 | D:4      | Found a blossoming altar of Fedhas.
  2728 | D:4      | Reached *** piety under Okawaru
  2745 | D:4      | Killed Tarasboulda's ghost
  2745 | D:4      | Reached skill level 7 in Axes
  2888 | D:5      | Entered Level 5 of the Dungeon
  2921 | D:5      | Found a sand-covered staircase.
  2934 | Ossuary  | Entered an ossuary
  3069 | Ossuary  | Reached XP level 8. HP: 77/79 MP: 7/7
  3201 | Ossuary  | Reached skill level 10 in Fighting
  3297 | D:5      | Noticed fly's ghost (novice HuSk)
  3324 | D:5      | Killed fly's ghost
  3324 | D:5      | Reached **** piety under Okawaru
  3324 | D:5      | Reached skill level 8 in Axes
  3391 | D:5      | Reached skill level 1 in Armour
  3779 | D:6      | Reached XP level 9. HP: 65/89 MP: 8/8
  3911 | D:6      | Reached skill level 9 in Axes
  4083 | D:6      | Reached skill level 5 in Armour
  4116 | D:6      | Reached ***** piety under Okawaru
  4257 | D:6      | Reached skill level 1 in Invocations
  4740 | D:7      | Found a radiant altar of Vehumet.
  4907 | D:7      | Found a staircase to the Ecumenical Temple.
  5681 | Temple   | Entered the Ecumenical Temple
  5838 | D:8      | Noticed a two-headed ogre
  5923 | D:8      | Received a gift from Okawaru
  5923 | D:8      | Reached XP level 10. HP: 60/97 MP: 12/12
  6128 | D:8      | Reached skill level 10 in Axes
  6232 | D:8      | Noticed a two-headed ogre
  6588 | D:8      | Killed a two-headed ogre
  6588 | D:8      | Reached skill level 11 in Axes
  6768 | D:8      | Killed a two-headed ogre
  6768 | D:8      | Reached skill level 12 in Axes
  7119 | D:8      | Received a gift from Okawaru
  7351 | D:8      | Found a glowing silver altar of Zin.
  7351 | D:8      | Noticed an angel
  7582 | D:9      | Reached skill level 13 in Axes
  7601 | D:9      | Reached ****** piety under Okawaru
  7623 | D:9      | Received a gift from Okawaru
  7630 | D:9      | Got a faintly glowing broad axe {god gift}
  7711 | D:9      | Reached skill level 14 in Axes
  7711 | D:9      | Reached XP level 11. HP: 33/104 MP: 13/13
  8022 | D:9      | Found a shadowy altar of Dithmenos.
  8049 | D:9      | Found a sacrificial altar of Ru.
  8985 | D:9      | Found a staircase to the Orcish Mines.
  9093 | D:9      | Found a deep blue altar of Sif Muna.
  9094 | D:9      | Found an opulent altar of Gozag.
  9156 | D:10     | Entered Level 10 of the Dungeon
  9659 | D:10     | Reached skill level 15 in Axes
 10255 | D:10     | Noticed rrRat's ghost (novice MiBe)
 10300 | D:10     | Killed rrRat's ghost
 10555 | D:11     | Found a staircase to the Lair.
 11266 | D:11     | Reached skill level 16 in Axes
 11443 | D:11     | Received a gift from Okawaru
 11603 | D:11     | Noticed a tengu warrior
 11639 | D:11     | Killed a tengu warrior
 12022 | D:11     | Noticed Terandir's ghost (journeyman MiFi)
 12051 | D:12     | Reached skill level 17 in Axes
 12689 | D:12     | Noticed a death knight
 12718 | D:11     | Mangled by a death knight

Skill      XL: |  1  2  3  4  5  6  7  8  9 10 11 |
---------------+----------------------------------+-----
Fighting       | 4 5 6 7 8 9 11 12 | 12.0
Axes           | 4 5 6 7 8 9 14 17 | 17.3
Armour         | 3 6 |  6.4
Invocations    | 4 |  4.2
Dodging        | |  3.2
Stealth        | |  1.5

Action                   |  1- 3 |  4- 6 |  7- 9 | 10-12 || total
-------------------------+-------+-------+-------+-------++-------
Melee: Hand axe          |    79 |   168 |   293 |       ||   540
       Headbutt          |    17 |    24 |   113 |   131 ||   285
       War axe           |       |       |   160 |   548 ||   708
       Punch             |       |       |       |     2 ||     2
Throw: Tomahawk          |       |       |       |     7 ||     7
Invok: Heroism           |       |       |       |     4 ||     4
       Finesse           |       |       |       |     1 ||     1
  Use: Potion            |       |     1 |     2 |     4 ||     7
       Scroll            |       |     4 |     3 |     4 ||    11
 Stab: Sleeping          |     1 |       |       |       ||     1
  Eat: Chunk             |     1 |     5 |     8 |    21 ||    35
       Ration            |       |       |     1 |       ||     1
Armor: Robe              |     2 |       |       |       ||     2
       Leather armour    |    10 |       |       |       ||    10
       Scale mail        |    14 |    71 |   159 |   171 ||   415
Dodge: Dodged            |    39 |    85 |   193 |   212 ||   529
Block: Shield            |       |       |       |    36 ||    36
       Reflection        |       |       |       |     2 ||     2
